 Dungeon Crawl Stone Soup version 0.29.0-4-gdea44cf6ec (webtiles) character file.

Game seed: 3813328376783077014

67 Zeldest the Sneak (level 4, -5/33 HPs)
             Began as an Octopode Delver on Aug 27, 2022.
             Slain by a gnoll
             ... wielding a +0 war axe
             ... led by a gnoll bouda
              (9 damage)
             ... on level 4 of the Dungeon.
             The game lasted 00:02:05 (419 turns).

Zeldest the Sneak (Octopode Delver)                  Turns: 419, Time: 00:02:05

Health: -5/33      AC:  1    Str: 11    XL:     4   Next: 16%
Magic:  4/4        EV: 13    Int: 14    God:
Gold:   28         SH:  0    Dex: 13    Spells: 3/3 levels left

rFire   . . .      SeeInvis .   a - +0 short sword
rCold   . . .      Faith    .   (no shield)
rNeg    . . .      Spirit   .   (helmet restricted)
rPois   .          Reflect  .   (no amulet)
rElec   .          Harm     .   k - ring of flight
rCorr   .          Rampage  .   (no ring)
Will    .....                   (no ring)
Stlth   +++++.....              (no ring)
HPRegen 0.11/turn               (no ring)
MPRegen 0.09/turn               (no ring)
                                (no ring)
                                (no ring)

@: flying, hasted, very quick
A: almost no armour, amphibious, 8 rings, camouflage 1, gelatinous body 1,
(nimble swimmer 1), tentacles
a: no special abilities


You were on level 4 of the Dungeon.
You visited 1 branch of the dungeon, and saw 3 of its levels.

You collected 28 gold pieces.

Inventory:

Hand Weapons
 a - a +0 short sword (weapon)
Jewellery
 k - a ring of flight (left tentacle)
Wands
 f - a wand of digging (3)
Scrolls
 b - a scroll of fog
 g - a scroll of teleportation {unknown}
 j - a scroll of acquirement {unknown}
Potions
 h - a potion of brilliance {unknown}
 i - a potion of mutation {unknown}


   Skills:
 + Level 4.0 Fighting
 - Level 2.0 Short Blades
 - Level 2.0 Dodging
 + Level 7.7 Stealth


You had 3 spell levels left.
You didn't know any spells.
Your spell library contained the following spells:

 Spells                   Type           Power      Damage    Failure   Level
 Magic Dart               Conj           0%         1d3       28%         1
 Searing Ray              Conj           0%         2d4       41%         2
 Fulminant Prism          Conj/Hex       0%         3d6       96%         4


Dungeon Overview and Level Annotations

Branches:
Dungeon (6/15)
 Temple: D:4-7

Altars:

Annotations:
D:5 3 runed translucent doors, Iusername's ghost, novice MiFi


Innate Abilities, Weirdness & Mutations

You cannot wear most types of armour.
You are amphibious.
You can wear up to eight rings at the same time.
Your skin changes colour to match your surroundings (Stealth+).
Your rubbery body absorbs attacks. (AC +1, EV +1)
((You are camouflaged when in or above water. (Stealth+)))
You have tentacles for arms and can constrict up to eight enemies at once.


Message History

Level annotation: 3 runed translucent doors, Iusername's ghost, novice MiFi
Found a stone staircase leading up.
Found a potion of haste.
The hobgoblin closely misses you. The hobgoblin attacks as you move away!
The hobgoblin closely misses you. The hobgoblin misses you.
The hobgoblin attacks as you move away!
The hobgoblin hits you but does no damage.
There is a stone staircase leading up here.
The hobgoblin misses you.
You fly upwards.
Found a spear and a leather armour.
There is a stone staircase leading down here.
The hobgoblin hits you.
* * * LOW HITPOINT WARNING * * *
The hobgoblin shouts!
You barely miss the hobgoblin. Your grab misses the hobgoblin.
The hobgoblin hits you.
* * * LOW HITPOINT WARNING * * *
The hobgoblin misses you. The hobgoblin attacks as you move away!
The hobgoblin closely misses you. The hobgoblin attacks as you move away!
The hobgoblin barely misses you. The hobgoblin attacks as you move away!
The hobgoblin barely misses you. The hobgoblin barely misses you.
The hobgoblin attacks as you move away! The hobgoblin hits you.
* * * LOW HITPOINT WARNING * * *
The scorpion barely misses you.
You feel yourself speed up. The scorpion barely misses you.
A goblin comes into view. It is wielding a +0 dagger.
The goblin shouts!
You hear a shout! x3
The goblin closely misses you.
A hobgoblin comes into view.
Found a scroll labelled RUASIFETUN.
A gnoll comes into view. It is wielding a +0 flail.
A gnoll comes into view. It is wielding a +0 war axe.
Found a stone staircase leading up.
An orc, a gnoll bouda and 2 gnolls come into view.
Found a club.
The gnoll shouts!
The orc shouts!
The gnoll shouts! x2
The gnoll hits you with a +0 war axe!
You die...

.#**,*~~~~*.#*****,**,*
*,*** .##*,***#+#.# *,**,*
*,,** .)##,,,,....* *,#*,*
*,,,' ...######.#** *.#*,*
*,*** ....g.g...# *<#*<*
*,* * ...######g# ###.#*,*
**,*** ..##
#.######...##g# **,,,**
.## #...g...g..gog#
**,,,,,* ##
#.######@#,**o****,,,,,,*
#
#.######g#.#*,,,,,,,,,,,*
#
*#..sg....?.#******,,,,,,,
* #.........### **,,,,,*
*******#.######### **,,,**
,,,,,,...* **,,,,
*****####* *****


You could see a gnoll bouda (wandering), 4 gnolls, an orc (wandering) and a
hobgoblin.

Vanquished Creatures
  2 iguanas (D:5)
  An adder (D:5)
  4 jackals (D:5)
  A kobold (D:4)
  A goblin (D:4)
9 creatures vanquished.

Vanquished Creatures (others)
  37 plants (D:5)
37 creatures vanquished.

Grand Total: 46 creatures vanquished

Notes
Turn   | Place    | Note
-------+----------+-------------------------------------------
     0 | D:5      | Zeldest the Octopode Delver began the quest for the Orb.
     0 | D:5      | Reached XP level 1. HP: 16/16 MP: 1/1
    17 | D:5      | Noticed an orc wizard
    17 | D:5      | Noticed an orc wizard
    41 | D:5      | Reached XP level 2. HP: 21/21 MP: 2/2
    66 | D:5      | Reached skill level 7 in Stealth
    66 | D:5      | Reached XP level 3. HP: 24/27 MP: 3/3
    81 | D:5      | Found a runed translucent gate.
    82 | D:5      | Found a runed translucent gate.
    83 | D:5      | Found a runed translucent gate.
    85 | D:5      | Noticed Iusername's ghost (novice MiFi)
    96 | D:5      | Reached XP level 4. HP: 32/33 MP: 4/4
   356 | D:4      | Noticed a phantom
   356 | D:4      | Noticed a wyvern
   357 | D:4      | Noticed a phantom
   360 | D:4      | Noticed an ogre
   394 | D:4      | Noticed a scorpion
   419 | D:4      | Slain by a gnoll

Illustrated notes

Levels and vault maps discovered:
D:4:      cheibrodos_barr_body, layout_loops_ring, general_overflow_altar,
          kennysheep_generic_room_16
D:5:      layout_cave_pools, nicolae_tso_swordbearing_angel,
          ebering_ghost_rock_garden, serial_bayou_lagoon_a, uniq_duvessa
D:6:      layout_layer_cave, minmay_temple_entry_proselytizer

Skill      XL: |  1  2  3 |
---------------+----------+-----
Stealth        | 7 |  7.7
Fighting       | 4 |  4.0
Short Blades   | |  2.0
Dodging        | |  2.0

Action                   |  1- 3 |  4- 6 || total
-------------------------+-------+-------++-------
Melee: Short sword       |     9 |    15 ||    24
       Constrict         |     1 |     4 ||     5
       Tentacles         |     1 |     2 ||     3
  Use: Scroll            |       |     2 ||     2
       Potion            |       |     1 ||     1
 Stab: Sleeping          |     2 |     1 ||     3
Armor: Skin              |     1 |     3 ||     4
Dodge: Dodged            |     5 |    35 ||    40
